 Dungeon Crawl Stone Soup version 0.24-a0-203-gf0bc1e94ae (webtiles) character file.

Game seed: 3898304474468534704

250154 HYPERHYPER the Warrior (level 18, -19/174 HPs)
             Began as a Minotaur Fighter on Mar 28, 2019.
             Was a High Priest of Cheibriados.
             Collided with a stone wall (24 damage)
             ... caused by an ancient lich
             ... on level 4 of the Abyss.
             The game lasted 00:22:41 (25609 turns).

HYPERHYPER the Warrior (Minotaur Fighter)          Turns: 25609, Time: 00:22:42

Health: -19/174    AC: 25    Str: 45      XL:     18   Next: 90%
Magic:  10/31      EV: 19    Int: 16 (18) God:    Cheibriados [*****.]
Gold:   1305       SH: 25    Dex: 25      Spells: 17/17 levels left

rFire    . . .     SeeInvis .   j - +9 broad axe (vamp)
rCold    + . .     Gourm    .   C - +0 large shield
rNeg     + + .     Faith    .   L - +0 plate armour
rPois    +         Spirit   .   (helmet unavailable)
rElec    .         Reflect  .   i - +2 cloak {+Inv}
rCorr    .         Harm     .   B - +4 pair of gloves "Secetaki" {rPois rC+ rN+ Str+3}
MR       +....                  f - +2 pair of boots
Stlth    ..........             c - amulet of regeneration
HPRegen  0.79/turn              Z - ring of positive energy
MPRegen  0.22/turn              o - ring of poison resistance

@: lethally poisoned (-19 -> -20), corroded, lightly drained, very slow
A: retaliatory headbutt, horns 3, deterioration 1, high mp 1, screaming 1,
strong 1
}: 2/15 runes: decaying, gossamer
a: Bend Time, Temporal Distortion, Slouch, Step From Time, Renounce Religion,
Evoke Invisibility


You were on level 4 of the Abyss.
You worshipped Cheibriados.
Cheibriados was extremely pleased with you.
You were not hungry.

You visited 6 branches of the dungeon, and saw 32 of its levels.
You visited the Abyss 1 time.
You also visited: Ossuary and Bailey.

You collected 2836 gold pieces.
You spent 1531 gold pieces at shops.

Inventory:

Hand Weapons
 a - a +1 short sword of distortion
   (You took it off Sonja on level 2 of the Orcish Mines)
 j - a +9 vampiric broad axe (weapon)
   (You found it on level 11 of the Dungeon)
 V - a +1 quarterstaff of distortion
   (You took it off a spriggan druid on level 3 of the Swamp)
Missiles
 H - 6 throwing nets (quivered)
Armour
 f - a +2 pair of boots (worn)
   (You found it on level 1 of the Dungeon)
 i - a +2 cloak of invisibility (worn)
   (You found it on level 2 of the Lair of Beasts)
 p - a +2 hat
   (You found it on level 6 of the Dungeon)
 q - a +4 scale mail of fire resistance
   (You took it off Terence on level 3 of the Dungeon)
 B - the +4 pair of gloves "Secetaki" (worn) {rPois rC+ rN+ Str+3}
   (You acquired it on level 13 of the Dungeon)

   It affects your strength (+3).
   It protects you from cold.
   It protects you from poison.
   It protects you from negative energy.
 C - a +0 large shield (worn)
   (You found it on level 9 of the Dungeon)
 L - a +0 plate armour (worn)
   (You took it off Saint Roka on level 2 of the Orcish Mines)
 X - the +2 cloak "Peell" {Int+2}
   (You found it on level 13 of the Dungeon)

   It affects your intelligence (+2).
Jewellery
 c - an amulet of regeneration (around neck)
   (You found it on level 10 of the Dungeon)
 o - a ring of poison resistance (right hand)
   (You found it on level 3 of the Spider Nest)
 Z - a ring of positive energy (left hand)
   (You found it on level 6 of the Lair of Beasts)
Wands
 h - a wand of iceblast (17)
   (You found it on level 1 of the Lair of Beasts)
 k - a wand of paralysis (19)
   (You took it off a gnoll sergeant on level 11 of the Dungeon)
 x - a wand of acid (22)
   (You found it on level 4 of the Dungeon)
 y - a wand of enslavement (7)
   (You found it on level 3 of the Lair of Beasts)
 N - a wand of scattershot (4)
   (You took it off Ijyb on level 3 of the Dungeon)
Scrolls
 g - 4 scrolls of immolation
 r - 4 scrolls of identify
 t - 15 scrolls of teleportation
 u - 3 scrolls of magic mapping
 z - 2 scrolls of blinking
 A - 3 scrolls of enchant weapon
 D - 16 scrolls of remove curse
 E - 3 scrolls of fear
 G - 3 scrolls of fog
 O - 3 scrolls of enchant armour
 S - 2 scrolls of summoning
Potions
 d - 6 potions of might
 l - 2 potions of invisibility
 m - 6 potions of flight
 s - 7 potions of agility
 v - 7 potions of curing
 w - 2 potions of heal wounds
 F - a potion of berserk rage {unknown}
 I - 8 potions of ambrosia
 K - 2 potions of brilliance
 M - a potion of cancellation
 R - 5 potions of magic
Miscellaneous
 b - a lamp of fire
   (You found it on level 3 of the Swamp)
 U - a lamp of fire
   (You found it on level 6 of the Lair of Beasts)
 W - a box of beasts
Comestibles
 e - 36 rations


   Skills:
 * Level 18.9 Fighting
 * Level 18.8 Axes
 + Level 14.2 Armour
 + Level 12.7 Dodging
 + Level 14.2 Shields
 - Level 15.0(14.9) Invocations
 - Level 6.0 Evocations


You had 17 spell levels left.
You didn't know any spells.
Your spell library was empty.

Dungeon Overview and Level Annotations

Branches:
Dungeon (15/15)            Temple (1/1) D:4            Lair (6/6) D:8
  Swamp (4/4) Lair:4       Spider (4/4) Lair:4        Slime (0/5) Lair:5
    Orc (2/2) D:10            Elf (0/3) Orc:2        Depths (0/5) D:15
 Vaults: D:13-14

Altars:
Ashenzari
Cheibriados
Elyvilon
Fedhas
Gozag
Hepliaklqana
Kikubaaqudgha
Makhleb
Nemelex Xobeh
Okawaru
Qazlal
Ru
Sif Muna
Trog
Uskayaw
Vehumet
Wu Jian
Xom
Yredelemnul
Zin
The Shining One

Shops:
D:4 ?   D:7 *!?!   Orc:2 **::

Annotations:
Swamp:3 1 runed translucent door, Syrreyqi's ghost, journeyman HOFi
Swamp:4 exclusion: ice statue


Innate Abilities, Weirdness & Mutations

You reflexively headbutt those who attack you in melee.
You have a pair of large horns on your head.
Your body sometimes deteriorates upon taking damage.
You have an increased reservoir of magic. (+10% MP)
You occasionally shout uncontrollably at your foes.
Your muscles are strong. (Str +2)


Message History

The hell beast bites you!
* * * LOW HITPOINT WARNING * * *
You block the hell beast's attack.
You feel much better.
You feel sick.
You hear some strange, mumbled words.
A bolt of cold appears from out of thin air!
The bolt of cold hits you!! You resist.
* * * LOW HITPOINT WARNING * * *
You feel much better.
The hell beast bites you but does no damage.
You block the hell beast's attack. You block the freezing wraith's attack.
The freezing wraith hits you but does no damage.
You hear some strange, mumbled words.
A lance of force appears from out of thin air!
The lance of force hits you!!!
* * * LOW HITPOINT WARNING * * *
Your body deteriorates!
You feel dopey.
You are knocked back by the lance of force.
You slam into the stone wall!
You die...

# ... .###
...####. .# ## ##
..... . # #######
#.. .## #. #
..#...#..##. .. #
#. #.#......## .
... . #
##...#4...# . ..
..#.###.W.∩#....#
.. .# # #.##{@#.
.# . .# .#
##[2LW...# #.#.
#.)L.'..## ## .#
## #§....##..# #
#.# . #..⌠§.##
##.. .
####...§.## ## #
# #.....# #.#..#
# #


You could see a hell beast, 2 liches, a freezing wraith, a hungry ghost and a
chaos spawn.

Vanquished Creatures
  Saint Roka (Orc:2)
  the Lernaean hydra (Swamp:4)
  Arachne (Spider:3)
  Jorgrun (D:14)
  A lich (Abyss:4)
  3 tentacled starspawn (Abyss:4)
  3 thorn hunters
  Agnes (Spider:3)
  Roxanne (D:15)
  A nagaraja (Abyss:4)
  3 ghost moths (Spider:4)
  A draconian shifter (Abyss:3)
  6 emperor scorpions
  Aizul (Swamp:1)
  Nessos (D:13)
  2 entropy weavers
  An ettin (Orc:1)
  A spark wasp (Spider:2)
  Snorg (Orc:2)
  A fire dragon (Abyss:4)
  A green death (Abyss:4)
  A great orb of eyes (Abyss:4)
  Josephine (Lair:5)
  A ghost crab (Swamp:4)
  A naga warrior (Abyss:4)
  3 shambling mangroves
  13 hydras
  An ice dragon (Abyss:4)
  An anaconda (Lair:6)
  3 catoblepae (Lair:6)
  A rakshasa (Abyss:4)
  13 alligators
  A death knight (D:13)
  A satyr (Abyss:4)
  3 ogre magi
  2 tengu warriors (D:15)
  7 two-headed ogres
  22 death yaks
  A vampire mage (D:15)
  2 thrashing horrors (Abyss:4)
  5 orc high priests (Orc:2)
  Sonja (Orc:2)
  2 wretched stars (Abyss:4)
  A spatial maelstrom (Abyss:4)
  2 skeletal warriors (D:15)
  3 spriggan druids
  14 swamp dragons
  2 unseen horrors
  8 orc knights
  3 large abominations (Abyss:4)
  Pikel (D:8)
  20 orb spiders
  A necromancer (D:15)
  3 orc sorcerers
  15 ugly things (D:15)
  3 cyclopes
  A deep elf mage (D:13)
  An oklob plant (Lair:5)
  3 manticores
  33 wolf spiders
  A worldbinder (Abyss:4)
  A salamander (Abyss:4)
  3 moths of wrath
  11 black mambas
  9 elephants
  An apocalypse crab (Abyss:4)
  Maurice (D:13)
  2 guardian serpents (Abyss:4)
  A rust devil (Abyss:4)
  A yaktaur zombie (D:15)
  22 spiny frogs
  2 gargoyles
  2 centaur skeletons
  10 demonic crawlers
  An efreet (Abyss:4)
  A yaktaur (D:13)
  4 rime drakes
  6 komodo dragons
  3 ancient zymes (Abyss:4)
  A yaktaur skeleton (D:15)
  A queen bee (Lair:4)
  12 trolls
  15 tyrant leeches
  3 meliai (Lair:4)
  3 polar bears
  33 jumping spiders
  14 blink frogs
  16 hornets
  16 slime creatures
  A meliai zombie (D:13)
  2 bog bodies
  A raiju (Abyss:4)
  12 small abominations
  23 dream sheep
  A deep troll skeleton (D:15)
  46 redbacks
  11 hippogriffs
  6 spriggans
  3 vampires
  6 shadows
  5 wraiths
  6 wyverns
  An ettin skeleton (D:15)
  24 tarantellas
  42 yaks
  5 fire bats
  3 ynoxinuls (Abyss:4)
  3 basilisks
  12 chaos spawn
  2 neqoxecs
  11 vampire mosquitoes
  A hungry ghost (D:8)
  A basilisk (shapeshifter) (D:14)
  2 wargs
  8 insubstantial wisps (Swamp:1)
  A steam dragon (D:9)
  3 nagas (Abyss:4)
  A warg (shapeshifter) (Abyss:3)
  Edmund (D:4)
  3 acid dragons
  A naga (shapeshifter) (Abyss:3)
  10 water moccasins
  14 swamp worms
  8 porcupines
  2 ice beasts
  13 swamp drakes
  52 orc warriors
  A black bear (D:8)
  An eye of draining (D:13)
  25 wolves
  A necrophage (D:9)
  18 ogres
  2 phantoms
  11 centaurs
  19 crocodiles
  A big kobold (D:13)
  A gnoll sergeant (D:11)
  14 bullfrogs
  2 wyvern zombies
  A scorpion (D:13)
  A wyvern skeleton (D:9)
  36 killer bees
  A killer bee (shapeshifter) (Abyss:3)
  14 wights
  4 howler monkeys
  3 electric eels
  3 centaur zombies
  12 crimson imps
  9 starcursed masses (Abyss:4)
  A quasit (Abyss:4)
  17 orc wizards
  12 hounds
  9 jellies
  38 orc priests
  A bullfrog skeleton (D:13)
  An iguana (D:9)
  Ijyb (D:3)
  Terence (D:3)
  A hell rat (Lair:4)
  11 worker ants
  A big kobold zombie (Ossuary)
  A hound zombie (D:4)
  A hound skeleton (D:8)
  3 mummies (Ossuary)
  A worker ant zombie (D:9)
  A howler monkey skeleton (D:9)
  3 adders (shapeshifter) (Abyss:3)
  10 adders
  12 gnolls
  2 shadow imps
  4 oozes
  An ooze (shapeshifter) (Abyss:3)
  2 adder skeletons
  3 adder zombies
  2 worms
  2 dart slugs (shapeshifter) (Abyss:3)
  A dart slug (D:1)
  4 leopard geckos
  93 orcs
  4 spectral bats (Abyss:3)
  A bat simulacrum (Abyss:3)
  6 giant cockroaches
  4 goblins
  6 hobgoblins
  10 jackals (D:4)
  3 quokkas
  A quokka (shapeshifter) (Abyss:3)
  7 bats
  2 frilled lizards (D:2)
  A giant cockroach zombie (D:6)
  3 goblin zombies (Ossuary)
  4 hobgoblin zombies (Ossuary)
  3 kobolds
  5 kobold zombies (Ossuary)
  A quokka skeleton (D:7)
  A quokka zombie (Ossuary)
  4 rats
  3 rat zombies (Ossuary)
  6 briar patches (Swamp:3)
  A butterfly (Lair:3)
  4 fungi
  5 plants
  3 starspawn tentacles (Abyss:4)
  2 withered plants (D:15)
1286 creatures vanquished.

Vanquished Creatures (collateral kills)
  An orc (D:8)
1 creature vanquished.

Vanquished Creatures (others)
  A thorn hunter (Swamp:4)
  A basilisk (D:13)
  2 yaks (Lair:5)
  A porcupine (Lair:5)
  3 slaves (D:8)
  A black bear (D:8)
  An ogre (Orc:2)
  An orc priest (D:8)
  8 fungi
  A lurking horror (Abyss:4)
  10 plants
  8 starspawn tentacles (Abyss:4)
  4 withered plants (D:15)
42 creatures vanquished.

Grand Total: 1329 creatures vanquished

Notes
Turn   | Place    | Note
-------+----------+-------------------------------------------
     0 | D:1      | HYPERHYPER the Minotaur Fighter began the quest for the
                  | Orb.
     0 | D:1      | Reached XP level 1. HP: 19/19 MP: 0/0
   151 | D:1      | Reached XP level 2. HP: 26/27 MP: 1/1
   440 | D:1      | You fall through a shaft!
   510 | D:2      | Reached XP level 3. HP: 32/33 MP: 2/2
   550 | D:2      | Found a hazy altar of Hepliaklqana.
   946 | D:3      | Reached skill level 1 in Dodging
  1078 | D:3      | Noticed Ijyb
  1100 | D:3      | Killed Ijyb
  1100 | D:3      | Reached XP level 4. HP: 41/41 MP: 3/3
  1416 | D:3      | Noticed Terence
  1423 | D:3      | Killed Terence
  1782 | D:4      | Found Jiud's Magic Scroll Shop.
  1798 | D:4      | Bought a scroll of identify for 28 gold pieces
  1798 | D:4      | Bought a scroll of magic mapping for 49 gold pieces
  1798 | D:4      | Bought a scroll of identify for 28 gold pieces
  1909 | D:4      | Reached XP level 5. HP: 45/47 MP: 4/4
  1920 | D:4      | Reached skill level 5 in Fighting
  2167 | D:4      | Noticed Edmund
  2184 | D:4      | Reached XP level 6. HP: 7/56 MP: 5/5
  2185 | D:4      | Killed Edmund
  2561 | D:4      | Reached skill level 5 in Axes
  2644 | D:4      | Found a staircase to the Ecumenical Temple.
  2686 | Temple   | Entered the Ecumenical Temple
  2933 | Temple   | Became a worshipper of Cheibriados the Contemplative
  2973 | D:5      | Entered Level 5 of the Dungeon
  2986 | D:5      | Reached XP level 7. HP: 47/63 MP: 6/6
  3118 | D:5      | Reached skill level 5 in Shields
  3176 | D:5      | Reached skill level 5 in Armour
  3176 | D:5      | Reached skill level 1 in Invocations
  3399 | D:5      | Reached skill level 1 in Evocations
  3703 | D:5      | Reached XP level 8. HP: 58/71 MP: 8/8
  4130 | D:5      | Found a shattered altar of Ashenzari.
  4490 | D:6      | Found a sand-covered staircase.
  4495 | Ossuary  | Entered an ossuary
  4616 | Ossuary  | Reached * piety under Cheibriados
  5131 | D:6      | Found a blossoming altar of Fedhas.
  5142 | D:6      | Found a glowing golden altar of the Shining One.
  5143 | D:6      | Found an iron altar of Okawaru.
  5147 | D:6      | Found a bloodstained altar of Trog.
  5340 | D:6      | Found a deep blue altar of Sif Muna.
  5581 | D:7      | Found Testriuma's Distillery.
  5753 | D:7      | Bought a potion of heal wounds for 70 gold pieces
  5753 | D:7      | Bought a potion of curing for 42 gold pieces
  5753 | D:7      | Found a burning altar of Makhleb.
  5820 | D:7      | Found Losuf's Magic Scroll Shop.
  5990 | D:7      | Reached ** piety under Cheibriados
  5991 | D:7      | Found Eriuhiss's Distillery.
  6006 | D:7      | Found Ysipeh's General Store.
  6110 | D:7      | Reached XP level 9. HP: 81/81 MP: 10/10
  6149 | D:7      | Bought a scroll of fog for 28 gold pieces
  6473 | D:7      | Found an ornate altar of the Wu Jian Council.
  6629 | D:8      | Noticed a troll
  6643 | D:8      | Killed a troll
  6643 | D:8      | Reached skill level 5 in Invocations
  7036 | D:8      | Reached *** piety under Cheibriados
  7083 | D:8      | Noticed Pikel
  7092 | D:8      | Killed Pikel
  7092 | D:8      | Reached skill level 5 in Dodging
  7092 | D:8      | Reached XP level 10. HP: 63/91 MP: 11/13
  7545 | D:8      | Found a staircase to the Lair.
  7701 | D:9      | Reached **** piety under Cheibriados
  7986 | D:9      | Found an opulent altar of Gozag.
  8515 | D:10     | Entered Level 10 of the Dungeon
  9063 | D:10     | Reached ***** piety under Cheibriados
  9076 | D:10     | Found a staircase to the Orcish Mines.
  9258 | D:11     | Noticed an eight-headed hydra
  9266 | D:11     | Killed a 13-headed hydra
  9266 | D:11     | Reached skill level 10 in Fighting
  9378 | D:11     | Reached XP level 11. HP: 100/100 MP: 15/15
  9621 | D:11     | Reached skill level 10 in Axes
  9654 | D:11     | Paralysed by a gnoll sergeant for 7 turns
  9814 | D:11     | Noticed a two-headed ogre
  9822 | D:11     | Killed a two-headed ogre
 10188 | D:7      | Bought 2 scrolls of enchant weapon for 180 gold pieces
 10188 | D:7      | Bought a scroll of enchant weapon for 90 gold pieces
 10236 | D:7      | Bought a scroll of enchant weapon for 105 gold pieces
 10299 | Lair:1   | Entered Level 1 of the Lair of Beasts
 10699 | Lair:1   | Noticed an eight-headed hydra
 11122 | Lair:2   | Reached skill level 5 in Evocations
 11745 | Lair:2   | Reached ****** piety under Cheibriados
 11853 | Orc:1    | Entered Level 1 of the Orcish Mines
 11875 | Orc:1    | Reached XP level 12. HP: 110/110 MP: 17/17
 11980 | Orc:2    | Entered Level 2 of the Orcish Mines
 11980 | Orc:2    | Noticed Snorg
 11981 | Orc:2    | Noticed Sonja
 11982 | Orc:2    | Killed Sonja
 11988 | Orc:2    | Killed Snorg
 12238 | Orc:1    | Noticed an ettin
 12248 | Orc:1    | Killed an ettin
 12656 | Orc:2    | Noticed Saint Roka
 12680 | Orc:2    | Killed Saint Roka
 12680 | Orc:2    | Reached XP level 13. HP: 95/119 MP: 3/19
 12813 | Orc:2    | Found a staircase to the Elven Halls.
 12889 | Orc:2    | Reached skill level 10 in Invocations
 13018 | Orc:2    | Found Zafosch's Book Shoppe.
 13021 | Orc:2    | Found Ditotyam's General Store.
 13022 | Orc:2    | Found Uweih's General Store.
 13023 | Orc:2    | Found Beduj's Book Emporium.
 13026 | Orc:2    | Bought a scroll of blinking for 127 gold pieces
 13026 | Orc:2    | Bought a potion of cancellation for 136 gold pieces
 13026 | Orc:2    | Bought a scroll of identify for 34 gold pieces
 13027 | Orc:2    | Bought a scroll of teleportation for 51 gold pieces
 13027 | Orc:2    | Bought a scroll of teleportation for 51 gold pieces
 13027 | Orc:2    | Bought a scroll of teleportation for 51 gold pieces
 13027 | Orc:2    | Bought a scroll of identify for 34 gold pieces
 13539 | D:7      | Bought a scroll of enchant armour for 105 gold pieces
 13586 | D:7      | Bought a potion of magic for 112 gold pieces
 13586 | D:7      | Bought 2 potions of heal wounds for 140 gold pieces
 13586 | D:7      | Bought a potion of heal wounds for 70 gold pieces
 13823 | Lair:3   | Gained mutation: You have an increased reservoir of magic.
                  | (+10% MP) [potion of mutation]
 13823 | Lair:3   | Gained mutation: You have a pair of large horns on your
                  | head. [potion of mutation]
 13903 | Lair:3   | Reached skill level 10 in Shields
 13912 | Lair:3   | Reached skill level 10 in Armour
 14617 | Lair:4   | Reached XP level 14. HP: 130/130 MP: 23/23
 14844 | Lair:4   | Found a hole to the Spider Nest.
 15211 | Lair:4   | Found a staircase to the Swamp.
 15603 | Lair:5   | Found a staircase to the Slime Pits.
 16178 | Lair:5   | Noticed Josephine
 16185 | Lair:5   | Killed Josephine
 16644 | Lair:6   | Entered Level 6 of the Lair of Beasts
 16964 | Lair:6   | Reached XP level 15. HP: 139/139 MP: 25/25
 17207 | Lair:6   | Reached skill level 15 in Fighting
 17607 | Lair:6   | Reached skill level 15 in Axes
 17607 | Lair:6   | Reached skill level 10 in Dodging
 17634 | Lair:6   | Identified Kocixuc's Tome of Changing and Enhancements
 18001 | Spider:1 | Entered Level 1 of the Spider Nest
 19047 | Spider:3 | Reached XP level 16. HP: 151/151 MP: 16/27
 19352 | Spider:3 | Noticed Agnes
 19358 | Spider:3 | Killed Agnes
 19516 | Spider:3 | Noticed Arachne
 19529 | Spider:3 | Killed Arachne
 19808 | Spider:4 | Entered Level 4 of the Spider Nest
 20772 | Spider:4 | Got a gossamer rune of Zot
 21107 | Swamp:1  | Entered Level 1 of the Swamp
 21323 | Swamp:1  | Noticed Aizul
 21336 | Swamp:1  | Killed Aizul
 21429 | Swamp:2  | Reached XP level 17. HP: 144/160 MP: 29/29
 21926 | Swamp:3  | Found a runed translucent door.
 21928 | Swamp:3  | Identified the +4 trident of Afulaets {drain, rElec Int+5}
 22326 | Swamp:3  | Noticed Syrreyqi's ghost (journeyman HOFi)
 22385 | Swamp:4  | Entered Level 4 of the Swamp
 22667 | Swamp:4  | Noticed the 27-headed Lernaean hydra
 22680 | Swamp:4  | Killed the 27-headed Lernaean hydra
 22735 | Swamp:4  | Got a decaying rune of Zot
 23256 | D:13     | Found a flagged portal.
 23257 | D:13     | Noticed Nessos
 23274 | D:13     | Killed Nessos
 23277 | Bailey   | Entered a bailey
 23392 | D:13     | Identified a scroll of acquirement
 23393 | D:13     | Got a pair of smoking gloves
 23404 | D:13     | Identified the +4 pair of gloves "Secetaki" {rPois rC+ rN+
                  | Str+3} (You acquired it on level 13 of the Dungeon)
 23468 | D:13     | Got a spiked cloak
 23479 | D:13     | Identified the +2 cloak "Peell" {Int+2} (You found it on
                  | level 13 of the Dungeon)
 23632 | D:13     | Found an ornate altar of the Wu Jian Council.
 23633 | D:13     | Found an iron altar of Okawaru.
 23633 | D:13     | Found a snail-covered altar of Cheibriados.
 23633 | D:13     | Found a stormy altar of Qazlal.
 23822 | D:13     | Noticed Maurice
 23851 | D:13     | Killed Maurice
 23851 | D:13     | Reached XP level 18. HP: 123/171 MP: 25/31
 23937 | D:14     | Noticed Jorgrun
 23941 | D:14     | Killed Jorgrun
 24034 | D:14     | You fall through a shaft!
 24034 | D:15     | Entered Level 15 of the Dungeon
 24075 | D:15     | Identified Roxanne's Grimoire of the Rocks
 24075 | D:15     | Noticed Roxanne
 24097 | D:15     | Killed Roxanne
 24315 | D:15     | Reached skill level 15 in Invocations
 24524 | D:15     | Found a staircase to the Depths.
 24901 | Orc:2    | Cast into level 3 of the Abyss (a distortion unwield)
 24909 | Abyss:3  | Gained mutation: Your muscles are strong. (Str +2)
                  | [mutagenic glow]
 24945 | Abyss:3  | Found a corrupted altar of Lugonu.
 25035 | Abyss:4  | Gained mutation: You occasionally shout uncontrollably at
                  | your foes. [a neqoxec]
 25037 | Abyss:4  | Gained mutation: Your body sometimes deteriorates upon
                  | taking damage. [a neqoxec]
 25137 | Abyss:4  | Paralysed by accursed screaming for 2 turns
 25252 | Abyss:4  | Found a corrupted altar of Lugonu.
 25364 | Abyss:4  | Paralysed by a great orb of eyes for 5 turns
 25526 | Abyss:4  | Found a corrupted altar of Lugonu.
 25585 | Abyss:4  | Noticed an ancient lich
 25588 | Abyss:4  | Noticed a lich
 25591 | Abyss:4  | Noticed a lich
 25609 | Abyss:4  | HP: 5/174 [something/lance of force (36)]
 25609 | Abyss:4  | Collided with a stone wall

Levels and vault maps discovered:
D:1:      psy_arrival_basics, layout_loops_cross, minmay_misc_feat_encased,
          chequers_avenue
D:2:      layout_basic, nicolae_overflow_crystal_walls
D:3:      layout_loops_corners, due_unseen_surprise, uniq_ijyb, uniq_terence,
          uniq_crazy_yiuf_cottage
D:4:      layout_loops_ring, minmay_temple_entry_proselytizer, serial_shops,
          shop, uniq_edmund
D:5:      layout_basic, kennysheep_little_box, first_ration,
          ebering_ghost_inner_flame, solitary_fountain, sigmund_army,
          uniq_blork_the_orc
D:6:      layout_loops_corners, led_sif_book, minitemple, kennysheep_mini,
          enter_ossuary_5
D:7:      layout_loops_ring, kennysheep_mini_moat, bloody_makhleb, serial_shops,
          nicolae_shop_trees, nicolae_shop_stone, shop, nicolae_shop_waterfront,
          grunt_ogre_cave
D:8:      layout_basic, erik_lair_island, hex_intersection, uniq_pikel
D:9:      layout_basic, basic_altar
D:10:     layout_cave_pools, erik_orc_1
D:11:     layout_loops_cross
D:12:     layout_basic
D:13:     minmay_the_grid_octo_tiled_octocenter
          [minmay_the_grid_octo_tetromino_candy,
          minmay_the_grid_octo_fan_narrow, minmay_the_grid_octo_shrine,
          minmay_the_grid_octo_toaster,
          minmay_the_grid_octo_prize_single_spiral,
          minmay_the_grid_square_5x5_dogpile,
          minmay_the_grid_square_5x5_bracketed,
          minmay_the_grid_square_5x5_three_small,
          minmay_the_grid_square_5x5_shrine2], layout_irregular_city,
          david_vaults_5, enter_bailey_6, uniq_nessos, uniq_maurice
D:14:     layout_roguey, chequers_serial_rivers_large_a,
          ebering_ghost_inner_flame, uniq_rupert, uniq_jorgrun
D:15:     gammafunk_depths_entry_grave, layout_small_grid, serial_glass,
          glass_columns_a, glass_columns_a, minivault_26, st_stairs_1,
          hangedman_glass_teeth, uniq_roxanne
Temple:   minmay_temple_forest_path
Lair:1:   layout_gridlike, grunt_megastairs_5, lemuel_fruit_tree
Lair:2:   layout_cave_pods, infiniplex_staircase_pool
Lair:3:   layout_misc_corridors, lemuel_fruit_fields, serial_bayou_shore_b
Lair:4:   regret_index_bee_streams, layout_long_grid, minmay_swamp_entry_worms,
          spider_nest_entry_funnel_web, enter_volcano_2, beast_lair_carwin_6
Lair:5:   layout_roguey, nicolae_slime_entry_slimehenge, serial_forest,
          infiniplex_forest_clump_small, infiniplex_forest_clump_double,
          infiniplex_forest_lined_room_2, infiniplex_forest_split,
          infiniplex_forest_straight_4, infiniplex_forest_end_2,
          infiniplex_forest_end_1, chequers_serial_rivers_large_b,
          wad_woods_road_06, uniq_josephine
Lair:6:   evilmike_catoblepas_cave, layout_cave_pods, grunt_forest_stairs_basic,
          hangedman_lair_generics_rect
Swamp:1:  layout_basic_swamp, hangedman_swamp_ruin_wall, uniq_aizul,
          uniq_nikola, uniq_kirke
Swamp:2:  layout_basic_swamp, evilmike_swamp_ruin_house_2, swamp_pool1
Swamp:3:  layout_falls_marsh, ebering_ghost_funeral_grove, hangedman_swamp_lotus
Swamp:4:  swamp_old_school, layout_basic_swamp,
          portal_ice_cave_entry_ice_statue_one
Spider:1: layout_spider_delve, nicolae_spider_webs_and_nodes
Spider:2: layout_spider_delve
Spider:3: layout_spider_delve, uniq_agnes, uniq_arachne
Spider:4: grunt_spider_rune_parallel
Orc:1:    layout_caves, nicolae_orc_tapped_out
Orc:2:    st_orc_pillars, layout_caves, uniq_sonja, uniq_saint_roka, uniq_snorg
Abyss:3:  evilmike_abyss_exit_mutagenic, guppyfry_abyss_exit_imp_island
Abyss:4:  evilmike_abyss_rune_elephants_shrine, abyss_exit_lava
Ossuary:  ossuary_minmay_chase
Bailey:   bailey_polearm_flooded_kennysheep, bailey

Skill      XL: |  1  2  3  4  5  6  7  8  9 10 11 12 13 14 15 16 17 18 |
---------------+-------------------------------------------------------+-----
Fighting       | 4 5 6 7 9 10 11 12 13 14 15 16 17 18 | 18.9
Axes           | 3 4 5 6 7 8 9 11 12 13 14 15 16 17 18 | 18.8
Dodging        | 1 2 3 4 5 6 7 8 9 10 11 12 | 12.7
Armour         | 4 5 6 7 8 9 10 11 12 13 14 | 14.2
Shields        | 4 5 6 7 8 9 10 11 12 13 14 | 14.2
Invocations    | 2 3 5 6 8 9 10 11 13 14 15 | 15.0
Evocations     | 1 2 3 4 5 6 |  6.0

Action                   |  1- 3 |  4- 6 |  7- 9 | 10-12 | 13-15 | 16-18 || total
-------------------------+-------+-------+-------+-------+-------+-------++-------
Melee: War axe           |    90 |    89 |   164 |       |       |       ||   343
       Headbutt          |    11 |    18 |    75 |   169 |   245 |   358 ||   876
       Hand axe          |       |       |   138 |   273 |       |       ||   411
       Broad axe         |       |       |       |   204 |   704 |   982 ||  1890
Invok: Slouch            |       |       |       |     4 |     4 |    21 ||    29
       Step From Time    |       |       |       |       |     1 |       ||     1
Evoke: Wand              |       |       |       |     1 |     1 |     3 ||     5
  Use: Scroll            |       |     6 |     3 |    16 |     9 |    18 ||    52
       Potion            |       |       |       |       |     6 |     9 ||    15
 Stab: Confused          |       |       |       |     2 |       |     1 ||     3
       Invisible         |       |       |       |       |       |    26 ||    26
       Petrified         |       |       |       |       |       |     1 ||     1
  Eat: Chunk             |     1 |     2 |     5 |     5 |     2 |     2 ||    17
       Ration            |       |     1 |     3 |     2 |     4 |     6 ||    16
Armor: Scale mail        |    41 |    49 |   103 |   144 |     2 |       ||   339
       Plate armour      |       |       |       |       |   268 |   440 ||   708
Dodge: Dodged            |    22 |    38 |   122 |   181 |   316 |   494 ||  1173
Block: Shield            |    55 |    52 |   172 |    56 |       |       ||   335
       Large shield      |       |       |       |   404 |   853 |  1231 ||  2488

Table legend:
 A = Non-vault XP
 B = Vault XP
 C = Vault XP percentage of total XP
 D = Non-vault monster count
 E = Vault monster count
 F = Vault count percentage of total count
                 A         B        C        D         E       F
            +---------+---------+-------+---------+---------+-------
      Total |  224400 |  143486 |  39.0 |     856 |     415 |  32.7
            +---------+---------+-------+---------+---------+-------
        D:1 |      33 |       0 |   0.0 |      16 |       0 |   0.0
        D:2 |      18 |       0 |   0.0 |      10 |       0 |   0.0
        D:3 |      32 |      72 |  69.2 |       6 |       2 |  25.0
        D:4 |     377 |     198 |  34.4 |      28 |       2 |   6.7
        D:5 |     932 |       0 |   0.0 |      17 |       0 |   0.0
        D:6 |     343 |      40 |  10.4 |      10 |       1 |   9.1
        D:7 |     986 |     118 |  10.7 |      26 |       1 |   3.7
        D:8 |    1809 |    1448 |  44.5 |      34 |      10 |  22.7
        D:9 |    1097 |       0 |   0.0 |      20 |       0 |   0.0
       D:10 |    1224 |     568 |  31.7 |      19 |      17 |  47.2
       D:11 |    4574 |       0 |   0.0 |      30 |       0 |   0.0
       D:12 |     989 |       0 |   0.0 |       6 |       0 |   0.0
       D:13 |    6955 |    7070 |  50.4 |      25 |      24 |  49.0
       D:14 |    1583 |    2950 |  65.1 |       7 |       1 |  12.5
       D:15 |   21698 |    6457 |  22.9 |      48 |      11 |  18.6
     Lair:1 |    1896 |     750 |  28.3 |       8 |       2 |  20.0
     Lair:2 |    4834 |       0 |   0.0 |      24 |       0 |   0.0
     Lair:3 |    9722 |       0 |   0.0 |      30 |       0 |   0.0
     Lair:4 |   12788 |   10995 |  46.2 |      35 |      64 |  64.6
     Lair:5 |   13435 |    1796 |  11.8 |      42 |      11 |  20.8
     Lair:6 |    9226 |   14841 |  61.7 |      37 |      31 |  45.6
    Swamp:1 |    8465 |    1625 |  16.1 |      29 |       1 |   3.3
    Swamp:2 |   11496 |       0 |   0.0 |      28 |       0 |   0.0
    Swamp:3 |   19899 |     265 |   1.3 |      35 |       1 |   2.8
    Swamp:4 |    8268 |   19612 |  70.3 |      23 |      25 |  52.1
   Spider:1 |   11974 |       0 |   0.0 |      26 |       0 |   0.0
   Spider:2 |   16447 |       0 |   0.0 |      46 |       0 |   0.0
   Spider:3 |   17157 |    5630 |  24.7 |      40 |       2 |   4.8
   Spider:4 |    5590 |   26573 |  82.6 |      18 |      48 |  72.7
      Orc:1 |    2766 |       0 |   0.0 |      33 |       0 |   0.0
      Orc:2 |    5624 |   19105 |  77.3 |      56 |      72 |  56.2
    Abyss:3 |    2601 |    2871 |  52.5 |       3 |      32 |  91.4
    Abyss:4 |   19562 |   19769 |  50.3 |      41 |      27 |  39.7
    Ossuary |       0 |      96 | 100.0 |       0 |      21 | 100.0
     Bailey |       0 |     637 | 100.0 |       0 |       9 | 100.0
            +---------+---------+-------+---------+---------+-------
